 Dungeon Crawl Stone Soup version 0.30-a0-137-gd8773701ce (webtiles) character file.

Game seed: 16173501792623531550

86 themarg the Insei (level 4, 0/32 HPs)
             Began as a Djinni Transmuter on Sept 22, 2022.
             Frozen to death by an endoplasm (1 damage)
             ... on level 3 of the Dungeon.
             The game lasted 00:08:08 (2936 turns).

themarg the Insei (Djinni Transmuter)               Turns: 2936, Time: 00:08:08

Health: 0/32       AC:  2    Str:  9    XL:     4   Next: 78%
Gold:   165        EV: 12    Int: 17    God:
                   SH:  0    Dex: 13

rFire   + + .      SeeInvis .    d - +0 dagger
rCold   x . .      Faith    .    (no shield)
rNeg    . . .      Spirit   .    a - +0 robe
rPois   ∞          Reflect  .    (helmet currently unavailable)
rElec   .          Harm     .    (no cloak)
rCorr   .          Rampage  .    (no gloves)
Will    .....                    (boots unavailable)
Stlth   ++........               (no amulet)
HPRegen 0.10/turn                (no ring)
MPRegen 0.00/turn                (no ring)

@: about to teleport, appendages, flying
A: horns 2, flying, sickness immunity, fire resistance 2, cold vulnerability 1,
float, innate caster, HP casting, extra vitality 1
a: End Transformation


You were on level 3 of the Dungeon.
You had temporarily grown beastly horns.
You visited 1 branch of the dungeon, and saw 3 of its levels.

You collected 165 gold pieces.

Inventory:

Hand Weapons
 d - a +0 dagger (weapon)
 p - a +2 rapier of speed
Armour
 a - a +0 robe (worn)
 q - a +0 buckler
Magical Staves
 f - a staff of air
Jewellery
 k - a ring of positive energy
 n - a +6 ring of strength
Scrolls
 h - a scroll of vulnerability {unknown}
 i - 2 scrolls of identify {unknown}
 l - 3 scrolls of teleportation
 m - a scroll of fog {unknown}
 r - a scroll of magic mapping {unknown}
 u - a scroll of immolation {unknown}
Potions
 b - a potion of lignification
 c - a potion of brilliance {unknown}
 e - a potion of heal wounds {unknown}
 g - a potion of attraction {unknown}
 j - 2 potions of mutation {unknown}
 o - 2 potions of curing {unknown}
 s - a potion of flight {unknown}
 t - a potion of resistance {unknown}


   Skills:
 - Level 1.0 Fighting
 - Level 0.2 Short Blades
 - Level 2.1 Dodging
 + Level 1.1 Stealth
 - Level 3.1 Unarmed Combat
 + Level 3.1 Spellcasting


You couldn't memorise any spells.
You knew the following spells:

 Your Spells              Type           Power      Damage    Failure   Level
a - Beastly Appendage     Tmut           26%        N/A       4%          1
b - Wereblood             Tmut           13%        N/A       7%          2
c - Spider Form           Tmut/Pois      13%        N/A       14%         3
d - Ice Form              Ice/Tmut       13%        N/A       43%         4
e - Necrotise             Necr           52%        1d6       4%          1
Your spell library was empty.

Dungeon Overview and Level Annotations

Branches:
Dungeon (3/15)

Altars:

Shops:
D:1 :


Innate Abilities, Weirdness & Mutations

You have temporarily grown beastly horns.
You are flying.
You are immune to sickness and miasma.
You are immune to poison.
Your flesh is very heat resistant. (rF++)
You are vulnerable to cold. (rC-)
You float through the air rather than walking.
You learn spells naturally, not from books.
Your magical power is your life essence.
You have superior vitality. (+4 MHP)


Message History

Found a leather armour.
The hobgoblin attacks as you move away! The hobgoblin hits you.
You hit the hobgoblin.
The hobgoblin is moderately wounded.
The hobgoblin hits you.
You hit the hobgoblin but do no damage. Your punch misses the hobgoblin.
The hobgoblin is moderately wounded.
The hobgoblin barely misses you.
Casting: Beastly Appendage (safe; 4% risk of failure)
Confirm with . or Enter, or press ? or * to list all spells.
You extend your transformation's duration.
The hobgoblin misses you.
You hit the hobgoblin.
The hobgoblin is severely wounded.
The hobgoblin barely misses you.
You hit the hobgoblin.
You kill the hobgoblin!
You completely miss the endoplasm. You headbutt the endoplasm.
The endoplasm is heavily wounded.
The endoplasm freezes you.
You are frozen!
You feel a terrible chill!
* * * LOW HITPOINT WARNING * * *
You hit the endoplasm.
The endoplasm is severely wounded.
The endoplasm freezes you.
You are frozen.
You feel a terrible chill!
* * * LOW HITPOINT WARNING * * *
You hit the endoplasm but do no damage.
The endoplasm is severely wounded.
The endoplasm barely misses you.
You hit the endoplasm.
The endoplasm is almost dead.
The endoplasm freezes you.
You are frozen.
You feel a terrible chill!
* * * LOW HITPOINT WARNING * * *
As you read the scroll labelled NIODUGR GIKH, it crumbles to dust.
You feel strangely unstable.
It was a scroll of teleportation.
The endoplasm freezes you.
You are frozen.
You die...

.............######..... ....#.#
###.########.# #...####......#
###.########.######..............
..........................>......
...[..######................#####
...(..# #####......##.#. #
......# ................. #
......# #.####.##J######. #
###.### #@#......... # #.#
.#.#.#J#.#.#.###. # ...
.......w.......# # ..
#.#.#.#.#.#.#.## # .[..........#
# #.#.#.#.#.#.## #
..............# # #.#.# #.#.#
#.## # .... ..... ..# #


You could see a worm and an endoplasm.

Vanquished Creatures
  3 adders (D:2)
  2 worms (D:2)
  A dart slug (D:3)
  An orc (D:3)
  6 ball pythons
  7 endoplasms
  A giant cockroach (D:2)
  4 hobgoblins
  4 jackals (D:2)
  A quokka (D:1)
  7 bats
  2 frilled lizards (D:1)
  2 goblins
  3 kobolds
  5 rats
49 creatures vanquished.

Notes
Turn   | Place    | Note
-------+----------+-------------------------------------------
     0 | D:1      | themarg the Djinni Transmuter began the quest for the Orb.
     0 | D:1      | themarg set off with the following spells memorised:
                  | Beastly Appendage, Wereblood, Spider Form, Ice Form.
     0 | D:1      | Reached XP level 1. HP: 17/17 MP: 0/0
   332 | D:1      | Reached XP level 2. HP: 21/22 MP: 0/0
   941 | D:1      | Found Niomudi's Book Boutique.
  1260 | D:1      | Found a faded altar of an unknown god.
  1587 | D:2      | Reached XP level 3. HP: 26/27 MP: 0/0
  1587 | D:2      | Learned a level 1 spell: Necrotise
  1714 | D:2      | Reached XP level 4. HP: 32/32 MP: 0/0
  1778 | D:2      | Reached skill level 1 in Stealth
  2935 | D:3      | HP: 1/32 [frozen (3)]
  2936 | D:3      | Frozen to death by an endoplasm

Illustrated notes

Levels and vault maps discovered:
D:1:      heliophobic_arrival_battle_scene, layout_basic, serial_shops,
          nicolae_shop_waterfront, dilly_ecumenical_altar_fadedgnrine
D:2:      layout_rooms
D:3:      layout_basic, st_stairs_11, minmay_misc_feat_encased,
          grunt_decor_fettered

Skill      XL: |  1  2  3  4 |
---------------+-------------+-----
Spellcasting   | 2 3 |  3.1
Stealth        | 1 |  1.1
Fighting       | |  1.0
Short Blades   | |  0.2
Dodging        | |  2.1
Unarmed Combat | |  3.1

Action                   |  1- 3 |  4- 6 || total
-------------------------+-------+-------++-------
Melee: Dagger            |    81 |    74 ||   155
       Unarmed           |     7 |       ||     7
       Headbutt          |    21 |    17 ||    38
       Punch             |     1 |     2 ||     3
 Cast: Beastly Appendage |    21 |    15 ||    36
       Wereblood         |     2 |       ||     2
  Use: Scroll            |       |     1 ||     1
Armor: Robe              |    15 |     8 ||    23
Dodge: Dodged            |    53 |    46 ||    99

Table legend: (Time is in decaauts)
 A = Elapsed time spent in this place.
 B = Non-inter-level travel time spent in this place.
 C = Inter-level travel time spent in this place.
 D = Time resting spent in this place.
 E = Time spent auto-exploring this place.
 F = Levels seen in this place.
 G = Mean time per level.
                   A        B        C        D        E       F      G
               +--------+--------+--------+--------+--------+-----+--------+
         Total |   2932 |   2920 |     12 |    937 |   1506 |   3 |  977.3 |
       Dungeon |   2932 |   2920 |     12 |    937 |   1506 |   3 |  977.3 |
               +--------+--------+--------+--------+--------+-----+--------+

Top non-repeatable levels by time:
     D:1: 1522 daAuts
     D:2: 892 daAuts
     D:3: 517 daAuts
